 Zot Defence DCSS version 0.14.2 (webtiles) character file.

85 Void2512 the Ogre Mage (level 4, -6/37 (39) HPs)
             Began as an Ogre Wizard on July 24, 2015.
             Killed by divine providence
             ... invoked by Arkwar the orc priest
              (12 damage)
             ... in the Realm of Zot (Scenario I: Hall of Zot).
             The game lasted 00:18:35 (1378 turns).

Void2512 the Ogre Mage (Ogre Wizard)                Turns: 1378, Time: 00:18:35

HP  -6/37 (39)   AC  3     Str 12      XL: 4   Next: 48%
MP  13/13        EV 10     Int 18      God:
Gold 0           SH  0     Dex  8      Spells:  3 memorised,  8 levels left

rFire  . . .     SeeInvis .     k - +0 short sword (vamp)
rCold  . . .     Clarity  .     a - +0 robe
rNeg   . . .     Conserve .     (shield restricted)
rPois  .         rCorr    .     b - +0 hat
rElec  .         rRot     .     (no cloak)
SustAb . .       Spirit   .     (gloves unavailable)
rMut   .         Warding  .     (boots unavailable)
Saprov + . .     Stasis   .     (no amulet)
MR     .....                    (no ring)
                                (no ring)

@: not resistant to hostile enchantments, unstealthy
A: unfitting armour, fast metabolism 1, saprovore 1, tough skin 1
a: Make dart trap, Make oklob sapling, Make arrow trap, Make plant, Remove Curse


You were in the Realm of Zot.
You were not hungry.

You visited 1 branch

Inventory:

Hand weapons
 k - a +0,+0 vampiric short sword (weapon)
 l - a +0,+0 short sword
 m - a +0,+0 dagger
 n - a +1,+1 short sword of flaming
Armour
 a - a +0 robe (worn)
 b - a +0 hat (worn)
Comestibles
 f - 2 meat rations
Scrolls
 j - a scroll of blinking
Potions
 d - 3 potions of curing
 g - a potion of haste
 h - 2 potions of magic
 i - a potion of berserk rage
Books
 c - a book of Minor Magic

   Spells                             Type                      Level
   *Magic Dart                        Conjuration                  1
   *Blink                             Translocation                2
   *Call Imp                          Summoning                    2
   Repel Missiles                     Charms/Air                   2
   Slow                               Hexes                        2
   Conjure Flame                      Conjuration/Fire             3
   Mephitic Cloud                     Conjuration/Poison/Air       3


   Skills:
 + Level 2.2 Dodging
 - Level 1.5 Stealth
 + Level 5.4 Spellcasting
 + Level 0.8 Conjurations
 + Level 0.7 Summonings
 + Level 0.6 Translocations


You had 8 spell levels left.
You knew the following spells:

 Your Spells              Type           Power        Failure   Level  Hunger
a - Magic Dart            Conj           #...         12%         1    None
b - Blink                 Tloc           N/A          17%         2    None
c - Call Imp              Summ           #.......     14%         2    None


Dungeon Overview and Level Annotations

Branches:
    Zot (1/1)

Altars:

Annotations:
Zot Pikel


Innate Abilities, Weirdness & Mutations

You are too large for most types of armour.
You have a fast metabolism.
You can tolerate rotten meat.
You have tough skin (AC +1).


Message History

* * * LOW HITPOINT WARNING * * *
The blink frog blinks!
The blink frog blinks!
Arkwar's eyes start to glow.
The giant cockroach bites you but does no damage.
The jackal gazes forward, looking utterly alone.
The rat twitches its whiskers.
The orc wizard is no longer moving quickly.
Wucaum gazes forward, looking utterly alone.
The blink frog blinks!
The quokka barely misses you.
The orc wizard mumbles some strange words.
The orc wizard blinks!
The giant cockroach bites you.
* * * LOW HITPOINT WARNING * * *
The blink frog blinks!
The jackal gazes forward, looking utterly alone.
The jackal gazes forward, looking utterly alone.
Arkwar invokes the aid of Beogh against something.
Something smites you!
You die... ...###########.K.###FF..s..JhJFo. (%## ##hF..##..oF.rKhsS.h ### ###b....Ooh§Srsws.F

# ##############...
####............ ##
###..F............ .##
##o.....b.......... ..# ▓▓▓▓▓▓▓▓▓
#h.s.OF.S.o........
.(▓▓▓.......▓▓▓b@......oh........
.r▓▓.........▓▓ror...F...........
..▓........FF.▓JYgh..F....b......
gSbb....bF....bhs....S...........
Sh▓.........bF▓ggh...l...........
lb▓▓.........▓▓g.................
bS▓▓▓.......▓▓▓..................


rb▓ ▓▓▓▓▓▓▓▓▓ ▓.................. h▓▓ ▓▓................. You could see Chunakiu
the spiny frog, 2 blink frogs, Smyloanu the two-headed ogre, Wucaum the hell
hound, 2 giant frogs, 2 gnoll shamans, an iguana, a sheep, an ooze, Arkwar the
orc priest, an orc wizard, an adder, 2 orcs, a quokka, 4 jackals, 2 giant
cockroaches, 2 hobgoblins, 2 bats, a ball python and a rat.

Vanquished Creatures
  8 bats (Zot)
  2 jackals (Zot)
  2 ball pythons (Zot)
  3 giant newts (Zot)
  A goblin (Zot)
  3 kobolds (Zot)
  2 rats (Zot)
21 creatures vanquished.

Vanquished Creatures (collateral kills)
  2 adders (Zot)
  A bat (Zot)
  2 goblins (Zot)
  3 kobolds (Zot)
  5 jackals (Zot)
  4 rats (Zot)
17 creatures vanquished.

Vanquished Creatures (others)
  A crimson imp (Zot)
  2 white imps (Zot)
3 creatures vanquished.

Grand Total: 41 creatures vanquished

Notes
Turn   | Place    | Note
--------------------------------------------------------------
     0 | Zot      | Void2512, the Ogre Wizard, began the quest for the Orb.
     0 | Zot      | Reached XP level 1. HP: 16/16 MP: 4/4
   205 | Zot      | Reached skill level 4 in Spellcasting
   281 | Zot      | Paralysed by Skoqisao for 3 turns
   316 | Zot      | Paralysed by Skoqisao for 2 turns
   320 | Zot      | Paralysed by Skoqisao for 3 turns
   324 | Zot      | Noticed Ugrim
   354 | Zot      | Paralysed by Skoqisao for 3 turns
   364 | Zot      | Paralysed by Skoqisao for 3 turns
   371 | Zot      | Reached XP level 2. HP: 24/24 MP: 1/7
   371 | Zot      | Paralysed by Skoqisao for 4 turns
   427 | Zot      | Paralysed by Skoqisao for 4 turns
   444 | Zot      | Paralysed by Skoqisao for 3 turns
   501 | Zot      | Paralysed by Skoqisao for 4 turns
   507 | Zot      | Paralysed by Skoqisao for 2 turns
   517 | Zot      | Paralysed by Skoqisao for 2 turns
   539 | Zot      | Noticed Chunakiu
   541 | Zot      | Paralysed by Skoqisao for 4 turns
   548 | Zot      | Paralysed by Skoqisao for 2 turns
   581 | Zot      | Paralysed by Skoqisao for 3 turns
   588 | Zot      | Paralysed by Skoqisao for 4 turns
   595 | Zot      | Paralysed by Skoqisao for 4 turns
   620 | Zot      | Noticed Wucaum
   622 | Zot      | Paralysed by Skoqisao for 4 turns
   629 | Zot      | Paralysed by Skoqisao for 3 turns
   635 | Zot      | Learned a level 2 spell: Blink
   639 | Zot      | Learned a level 2 spell: Call Imp
   642 | Zot      | Paralysed by Skoqisao for 4 turns
   673 | Zot      | Reached XP level 3. HP: 31/31 MP: 1/9
   689 | Zot      | Paralysed by Skoqisao for 4 turns
   714 | Zot      | Paralysed by Skoqisao for 4 turns
   772 | Zot      | Paralysed by Skoqisao for 3 turns
   782 | Zot      | Paralysed by Skoqisao for 3 turns
   827 | Zot      | Paralysed by Skoqisao for 2 turns
   829 | Zot      | Reached skill level 5 in Spellcasting
   841 | Zot      | Paralysed by Skoqisao for 3 turns
   851 | Zot      | Paralysed by Skoqisao for 3 turns
   867 | Zot      | Paralysed by Skoqisao for 3 turns
   868 | Zot      | Noticed Smyloanu
   882 | Zot      | Reached XP level 4. HP: 39/39 MP: 8/13
   930 | Zot      | Noticed Pikel
   934 | Zot      | Paralysed by Skoqisao for 3 turns
   941 | Zot      | Paralysed by Skoqisao for 3 turns
   974 | Zot      | Paralysed by Skoqisao for 3 turns
  1051 | Zot      | Paralysed by Skoqisao for 2 turns
  1054 | Zot      | Paralysed by Skoqisao for 2 turns
  1174 | Zot      | Noticed a giant frog
  1177 | Zot      | Noticed a blink frog
  1215 | Zot      | Noticed a blink frog
  1215 | Zot      | Noticed a giant frog
  1234 | Zot      | Noticed a blink frog
  1240 | Zot      | Noticed a giant frog
  1244 | Zot      | Noticed a giant frog
  1284 | Zot      | Noticed a giant frog
  1378 | Zot      | Killed from afar by Arkwar the orc priest

Action                   |  1- 3 |  4- 6 || total
-------------------------+-------+-------++-------
Melee: Unarmed           |     2 |       ||     2
       Short sword       |     2 |    61 ||    63
 Cast: Magic Dart        |    37 |       ||    37
       Call Imp          |     5 |     2 ||     7
       Blink             |       |     5 ||     5
  Use: Potion            |       |     1 ||     1
